 Dungeon Crawl Stone Soup version 0.29.1-15-g9cfb28693d (webtiles) character file.

Game seed: 15578581235404570870

116 promet the Trooper (level 4, 0/40 HPs)
             Began as a Minotaur Wanderer on Mar 13, 2023.
             Slain by an adder (1 damage)
             ... in a sewer.
             The game lasted 00:12:59 (2490 turns).

promet the Trooper (Minotaur Wanderer)              Turns: 2490, Time: 00:13:00

Health: 0/40       AC:  8    Str: 14    XL:     4   Next: 69%
Magic:  4/4        EV:  3    Int: 12    God:
Gold:   81         SH:  0    Dex: 11    Spells: 5/5 levels left

rFire   + . .      SeeInvis .   a - +0 rapier
rCold   + . .      Faith    .   (no shield)
rNeg    . . .      Spirit   .   e - +0 chain mail
rPois   +          Reflect  .   (helmet restricted)
rElec   +          Harm     .   (no cloak)
rCorr   +          Rampage  .   (no gloves)
Will    .....                   (no boots)
Stlth   ..........              (no amulet)
HPRegen 0.13/turn               (no ring)
MPRegen 0.09/turn               (no ring)

@: lethally poisoned (0 -> -2), resistant, constricted, invisible, very slow
A: horns 2, retaliatory headbutt
a: no special abilities


You were in a sewer.
You visited 1 branch of the dungeon, and saw 3 of its levels.
You also visited: Sewer.

You collected 81 gold pieces.

Inventory:

Hand Weapons
 a - a +0 rapier (weapon)
 b - a +1 shortbow
 m - a +0 scimitar
Missiles
 f - 29 stones
Armour
 c - a +0 leather armour
 e - a +0 chain mail (worn)
 k - a +0 plate armour
Magical Staves
 d - a staff of death
 h - a staff of earth
Scrolls
 l - a scroll of immolation {unknown}
Potions
 i - a potion of resistance
 j - a potion of invisibility


   Skills:
 + Level 4.2 Fighting
 + Level 1.9 Short Blades
 + Level 3.4 Ranged Weapons
 + Level 1.8 Armour
 + Level 1.2 Dodging
 + Level 0.1 Stealth
 + Level 1.0 Spellcasting
 + Level 1.4 Air Magic
 * Level 1.6 Evocations


You had 5 spell levels left.
You didn't know any spells.
Your spell library contained the following spells:

 Spells                   Type           Power      Damage    Failure   Level
 Poisonous Vapours        Pois/Air       4%         N/A       100%        2
 Static Discharge         Conj/Air       2%         3-4/arc   100%        2


Dungeon Overview and Level Annotations

Branches:
Dungeon (3/15)              Sewer (1/1)

Altars:

Shops:
D:1 :


Innate Abilities, Weirdness & Mutations

You have a pair of horns on your head.
You reflexively headbutt those who attack you in melee.


Message History

You hit the adder.
You kill the adder!
The adder bites you but does no damage.
The ball python bites you but does no damage.
The ball python constricts you. The adder bites you but does no damage.
It was a potion of invisibility.
You fade into invisibility!
The ball python bites you but does no damage.
The ball python constricts you.
* * * LOW HITPOINT WARNING * * *
The adder bites you but does no damage.
You escape the ball python's grasp.
The adder attacks as you move away! The adder barely misses you.
You furiously retaliate!
You headbutt the adder!
The ball python attacks as you move away!
The ball python barely misses you. The adder bites you.
* * * LOW HITPOINT WARNING * * *
You are lethally poisoned!
The adder poisons you! The ball python barely misses you.
You furiously retaliate!
You headbutt the ball python. The ball python grabs you.
The ball python constricts you.
You barely miss the adder.
The adder is almost dead.
* * * LOW HITPOINT WARNING * * *
You feel sick. The adder bites you but does no damage.
The ball python bites you but does no damage.
The ball python constricts you. The adder bites you but does no damage.
You closely miss the adder.
The adder is almost dead.
* * * LOW HITPOINT WARNING * * *
You feel sick.
The ball python bites you but does no damage.
The ball python constricts you. The adder completely misses you.
The ball python bites you but does no damage.
The ball python constricts you.
Your unstable footing causes you to fumble your attack.
* * * LOW HITPOINT WARNING * * *
You feel sick. The adder bites you but does no damage.
The ball python bites you but does no damage.
The ball python constricts you. The adder bites you.
You die...

#.†.# #...## ##...##
#....####################
#.....#≈≈≈≈≈≈≈≈≈≈≈≈≈≈≈#.###
##.....~≈≈≈≈≈≈≈≈≈≈≈~~≈....##
#.....~≈≈≈≈≈≈≈≈≈J≈~~~.....#
#.....≈~~≈≈≈≈~≈Srr~≈~......#
##....≈~#~~≈≈≈@S≈≈~≈~......#
###.#≈≈≈~~~.~~~~≈≈≈≈#.....#
####################....#
#...# #...# S..#


You could see an adder, an endoplasm, a ball python and 2 rats.

Vanquished Creatures
  2 adders
  4 river rats (Sewer)
  A worm (D:2)
  2 bats
  6 endoplasms
  7 giant cockroaches
  A goblin (D:2)
  4 hobgoblins
  2 kobolds (D:1)
  10 quokkas
  3 ball pythons
  3 frilled lizards (D:1)
  14 rats
59 creatures vanquished.

Notes
Turn   | Place    | Note
-------+----------+-------------------------------------------
     0 | D:1      | promet the Minotaur Wanderer began the quest for the Orb.
     0 | D:1      | promet set off with the following items: a +1 shortbow, a
                  | potion of curing, a +0 leather armour; and the following
                  | spells available to memorise: Poisonous Vapours, Static
                  | Discharge.
     0 | D:1      | Reached XP level 1. HP: 19/19 MP: 1/1
   460 | D:1      | Reached XP level 2. HP: 27/27 MP: 2/2
   655 | D:1      | Found Fusobed's Book Shoppe.
   689 | D:1      | Reached skill level 4 in Fighting
   961 | D:1      | Found a faded altar of an unknown god.
  1110 | D:2      | Reached XP level 3. HP: 33/33 MP: 3/3
  1511 | D:2      | Reached skill level 1 in Armour
  1986 | D:3      | Found a glowing drain.
  2075 | Sewer    | Entered a sewer
  2123 | Sewer    | Reached XP level 4. HP: 39/40 MP: 4/4
  2183 | Sewer    | Reached skill level 1 in Short Blades
  2489 | Sewer    | HP: 2/40 [poisoned by an adder]
  2490 | Sewer    | Slain by an adder

Illustrated notes

Levels and vault maps discovered:
D:1:      elethiomel_arrival_maze, layout_basic, serial_shops, shop,
          shapermc_ecumenical_altar_hornbeckon
D:2:      layout_loops_ring
D:3:      layout_basic, nicolae_overflow_hidden_temple, gup_sewer_entry_pipe
Sewer:    sewer_minmay_w

Skill      XL: |  1  2  3  4 |
---------------+-------------+-----
Fighting       | 4 |  4.2
Ranged Weapons | 3 |  3.4
Armour         | 1 |  1.8
Short Blades   | 1 |  1.9
Dodging        | |  1.2
Stealth        | |  0.1
Spellcasting   | |  1.0
Air Magic      | |  1.4
Evocations     | |  1.6

Action                   |  1- 3 |  4- 6 || total
-------------------------+-------+-------++-------
Melee: Rapier            |    91 |    24 ||   115
       Headbutt          |    16 |     4 ||    20
       Punch             |       |     1 ||     1
 Fire: Shortbow          |    27 |    17 ||    44
  Use: Scroll            |     4 |       ||     4
       Potion            |       |     3 ||     3
Armor: Chain mail        |    63 |    45 ||   108
Dodge: Dodged            |    31 |    20 ||    51
